 Dungeon Crawl Stone Soup version 0.22-a0-425-g89d60a1 (webtiles) character file.

145 w00t the Changer (level 5, -1/34 HPs)
             Began as an Octopode Transmuter on May 25, 2018.
             Slain by a wight
             ... wielding a +4 spear
              (7 damage)
             ... on level 3 of the Dungeon.
             The game lasted 00:04:36 (2754 turns).

w00t the Changer (Octopode Transmuter)              Turns: 2754, Time: 00:04:37

Health: -1/34      AC:  1    Str: 13    XL:     5   Next: 27%
Magic:  7/8        EV: 10    Int: 15    God:
Gold:   65         SH:  7    Dex: 13    Spells: 2/8 levels left

rFire    . . .     SeeInvis .   a - +1 short sword
rCold    . . .     Gourm    .   g - +0 shield
rNeg     . . .     Faith    .   (helmet restricted)
rPois    .         Spirit   .   (no amulet)
rElec    .         Reflect  .   j - +3 ring of strength
rCorr    .         Harm     .   (no ring)
MR       .....                  (no ring)
Stlth    +++.......             (no ring)
HPRegen  0.11/turn              (no ring)
MPRegen  0.11/turn              (no ring)
                                (no ring)
                                (no ring)

@: appendage (expiring), drained
A: almost no armour, stealthy swim, amphibious, 8 rings, constrict 8, tentacle
spike 3, camouflage 1, gelatinous body 1
a: End Transformation


You were on level 3 of the Dungeon.
You were not hungry.
One of your tentacles had a temporary spike.
You visited 1 branch of the dungeon, and saw 3 of its levels.

You collected 65 gold pieces.

Inventory:

Hand Weapons
 a - a +1 short sword (weapon)
Missiles
 d - 12 arrows
 e - 61 stones (quivered)
 l - 12 sling bullets
Armour
 g - a +0 shield (worn)
Jewellery
 j - a +3 ring of strength (left tentacle)
Scrolls
 b - 2 scrolls of identify {unknown}
 i - 2 scrolls of teleportation
 k - a scroll of remove curse {unknown}
Potions
 f - a potion of curing {@q1}
Comestibles
 c - 3 rations
 h - 3 chunks of flesh


   Skills:
 + Level 2.2(1.7) Fighting
 - Level 2.3(1.8) Dodging
 + Level 1.6(1.1) Stealth
 + Level 1.6(1.1) Shields
 - Level 3.0(2.4) Unarmed Combat
 - Level 2.0(1.5) Spellcasting
 * Level 3.7(3.1) Transmutations
 + Level 1.2(0.7) Poison Magic


You had 2 spell levels left.
You knew the following spells:

 Your Spells              Type           Power        Failure   Level  Hunger
a - Spider Form           Tmut/Pois      #.........   88%         3    ####...
k - Sticks to Snakes      Tmut           ##......     50%         2    ###....
B - Beastly Appendage     Tmut           ##....       36%         1    ##.....

Your spell library contained the following spells:

 Spells                   Type           Power        Failure   Level  Hunger
 Blade Hands              Tmut           ##........   100%        5    ######.
 Ice Form                 Ice/Tmut       #.......     100%        4    #####..


Dungeon Overview and Level Annotations

Branches:
Dungeon (3/15)

Altars:


Innate Abilities, Weirdness & Mutations

You cannot wear most types of armour.
You are very stealthy in the water. (Stealth+)
You are amphibious.
You can wear up to eight rings at the same time.
You can use your tentacles to constrict eight enemies at once.
Your skin changes colour to match your surroundings (Stealth+).
Your rubbery body absorbs attacks. (AC +1, EV +1)
One of your tentacles bears a large vicious spike.


Message History

You have reached level 5!
You feel agile.
Your shield prevents you from hitting the orc.
You grab the orc. You squeeze the orc.
The orc is moderately wounded.
You constrict the orc. The orc misses you.
You hit the orc.
The orc is moderately wounded.
You constrict the orc. The orc hits you with a mace.
* * * LOW HITPOINT WARNING * * *
You hit the orc but do no damage.
You kill the orc!
Your transformation is almost over.
You hit the wight. You grab the wight.
The wight is lightly damaged.
You constrict the wight, but do no damage.
The wight hits you with a short sword.
* * * LOW HITPOINT WARNING * * *
You feel drained.
The wight hits you from afar with an enchanted spear!
You die...

#.#####.###z# .#
#...........# .#
#..####.##### <# #.#
#.. #.# #.# #.# #.#
#.# #.#
##..####.#########.#
....rzz@........##.#
###############.##.#
#.##.# #.##.#
##.##.#
########.#.#.#
..>.....###..#
########.#.#.##
##.##..#


You could see 2 wights and a rat.

Vanquished Creatures
  A wight (D:3)
  2 adders (D:2)
  3 gnolls (D:3)
  An ooze (D:1)
  2 worms (D:2)
  A dart slug (D:3)
  A leopard gecko (D:2)
  An orc (D:3)
  3 ball pythons
  3 giant cockroaches
  4 goblins
  5 hobgoblins
  4 bats
  2 frilled lizards
  3 kobolds
  5 rats
41 creatures vanquished.

Notes
Turn   | Place    | Note
-------+----------+-------------------------------------------
     0 | D:1      | w00t the Octopode Transmuter began the quest for the Orb.
     0 | D:1      | Reached XP level 1. HP: 13/13 MP: 3/3
   389 | D:1      | Reached XP level 2. HP: 17/18 MP: 5/5
  1148 | D:1      | Learned a level 2 spell: Sticks to Snakes
  1336 | D:2      | Reached XP level 3. HP: 14/23 MP: 4/6
  1740 | D:2      | Learned a level 3 spell: Spider Form
  1976 | D:2      | You fall through a shaft!
  2008 | D:3      | Reached XP level 4. HP: 16/29 MP: 7/7
  2254 | D:3      | Reached skill level 1 in Shields
  2292 | D:3      | Reached skill level 1 in Stealth
  2750 | D:3      | Reached skill level 1 in Poison Magic
  2750 | D:3      | Reached XP level 5. HP: 12/34 MP: 6/8
  2754 | D:3      | Slain by a wight

Vault maps used:
D:1:      elethiomel_arrival_maze
D:2:      st_stairs_8, hangedman_decor_points
D:3:      cheibrodos_old_hovel, st_stairs_14, uniq_ijyb

Skill      XL: |  1  2  3  4 |
---------------+-------------+-----
Transmutations | 3 |  3.7
Shields        | 1 |  1.6
Fighting       | 2 |  2.2
Stealth        | 1 |  1.6
Poison Magic   | 1 |  1.2
Dodging        | |  2.3
Unarmed Combat | |  3.0
Spellcasting   | |  2.0

Action                   |  1- 3 |  4- 6 || total
-------------------------+-------+-------++-------
Melee: Unarmed           |    33 |       ||    33
       Constrict         |    17 |    10 ||    27
       Tentacles         |    10 |     4 ||    14
       Short sword       |    52 |    65 ||   117
       Punch             |     1 |     1 ||     2
       Kick              |     3 |     8 ||    11
Throw: Stone             |     8 |       ||     8
 Cast: Beastly Appendage |     2 |     3 ||     5
  Use: Scroll            |     2 |     1 ||     3
       Potion            |     2 |       ||     2
 Stab: Sleeping          |     5 |     1 ||     6
       Distracted        |     1 |       ||     1
  Eat: Chunk             |     3 |     3 ||     6
Armor: Skin              |    16 |    19 ||    35
Dodge: Dodged            |    39 |    14 ||    53
Block: Shield            |    25 |    24 ||    49

Table legend:
 A = Spawn XP
 B = Non-spawn XP
 C = Spawn XP percentage of total XP
 D = Spawn monster count
 E = Non-spawn monster count
 F = Spawn count percentage of total count
 G = Total turns spent on level
                    A         B        C        D         E        F      G
               +---------+---------+-------+---------+---------+-------+---------
         Total |       0 |     208 |   0.0 |       0 |      41 |   0.0 |  2754
               +---------+---------+-------+---------+---------+-------+---------
           D:1 |       0 |      28 |   0.0 |       0 |      13 |   0.0 |  1323
           D:2 |       0 |      50 |   0.0 |       0 |      12 |   0.0 |   653
           D:3 |       0 |     130 |   0.0 |       0 |      16 |   0.0 |   778
               +---------+---------+-------+---------+---------+-------+---------
